 Dungeon Crawl Stone Soup version 0.21-a0-140-g479285b (webtiles) character file.

1759 grindst0ne the Grappler (level 9, 0/82 HPs)
             Began as a Ghoul Gladiator on July 19, 2017.
             Was a Believer of Makhleb.
             Slain by an orc wizard
             ... wielding a +0 dagger of draining
              (1 damage)
             ... on level 5 of the Dungeon.
             The game lasted 00:09:42 (4684 turns).

grindst0ne the Grappler (Ghoul Gladiator)           Turns: 4684, Time: 00:09:43

Health: 0/82       AC:  9    Str: 24    XL:     9   Next: 6%
Magic:  8/8        EV: 12    Int:  8    God:    Makhleb [**....]
Gold:   23         SH:  0    Dex: 10    Spells: 8/8 levels left

rFire    . . .     SeeInvis .     - Unarmed
rCold    + . .     Gourm    .   (no shield)
rNeg     + + +     Faith    .   a - +3 leather armour "Apu Alua" {Str+3 Int+5}
rPois    ∞         Spirit   .   p - +0 helmet
rElec    .         Reflect  .   (no cloak)
rCorr    .         Harm     .   (no gloves)
MR       .....                  e - +1 pair of boots
Stlth    ..........             (no amulet)
HPRegen  0.00/turn              (no ring)
MPRegen  0.11/turn              (no ring)

@: confused, rotting
A: rotting body, claws 1, carnivore 3, cold resistance 1, negative energy
resistance 3, inhibited regeneration, torment resistance, unbreathing
a: Minor Destruction, Renounce Religion


You were on level 5 of the Dungeon.
You worshipped Makhleb.
Makhleb was pleased with you.
You were not hungry.

You visited 2 branches of the dungeon, and saw 7 of its levels.

You collected 195 gold pieces.
You spent 172 gold pieces at shops.

Inventory:

Missiles
 c - 3 throwing nets (quivered)
Armour
 a - the +3 leather armour "Apu Alua" (worn) {Str+3 Int+5}
   (You found it on level 5 of the Dungeon)

   It affects your strength (+3).
   It affects your intelligence (+5).
 e - a +1 pair of boots (worn)
 h - a +0 large shield
 o - a +2 ring mail of fire resistance
 p - a +0 helmet (worn)
Wands
 q - a wand of iceblast (0/15)
 t - a wand of polymorph (14/24)
 v - a wand of random effects (22/48)
Scrolls
 b - a scroll of fog {unknown}
 g - a scroll of amnesia
 i - 4 scrolls of teleportation
 j - a scroll of magic mapping {unknown}
 m - 2 scrolls of recharging {unknown}
 r - a scroll of enchant weapon {unknown}
 w - a scroll of fear {unknown}
 x - a scroll of blinking {unknown}
Potions
 k - a potion of brilliance
 l - 2 potions of cancellation {unknown}
 s - 5 potions of curing {unknown}
 z - a potion of might {unknown}
Comestibles
 d - 2 meat rations
 n - 3 royal jellies


   Skills:
 + Level 8.9 Fighting
 - Level 1.7 Throwing
 - Level 2.6 Dodging
 * Level 1.4 Shields
 + Level 9.3 Unarmed Combat


You had 8 spell levels left.
You didn't know any spells.

Dungeon Overview and Level Annotations

Branches:
Dungeon (6/15)             Temple (1/1) D:4

Altars:
Ashenzari
Dithmenos
Elyvilon
Fedhas
Hepliaklqana
Kikubaaqudgha
Makhleb
Nemelex Xobeh
Okawaru
Qazlal
Ru
Sif Muna
Trog
Uskayaw
Vehumet
Wu Jian
Xom
Zin
The Shining One

Shops:
D:6 [


Innate Abilities, Weirdness & Mutations

Your body is rotting away.
You thrive on raw meat.
You are immune to poison.
You have sharp fingernails.
You are carnivorous and can eat meat at any time.
Your flesh is cold resistant. (rC+)
You are immune to negative energy. (rN+++)
You do not regenerate when monsters are visible.
You are immune to unholy pain and torment.
You can survive without breathing.


Message History

The magic dart hits you!
* * * LOW HITPOINT WARNING * * *
You scratch the orc warrior.
You kill the orc warrior!
Makhleb accepts your kill.
Your Shields skill increases to level 1!
The orc wizard points at you and mumbles some strange words.
The puff of flame hits you!
* * * LOW HITPOINT WARNING * * *
You closely miss the orc wizard.
The orc wizard gestures at you while chanting.
You are confused.
You bump into the rock wall.
The orc wizard casts a spell at you. The magic dart hits you!
* * * LOW HITPOINT WARNING * * *
You barely miss the orc wizard. You claw the orc wizard.
The orc wizard is moderately wounded.
The orc wizard hits you with a dagger of draining.
You die...

....#####).....############.#
##.......).....#............#
≈###.....###...#.############
.#.####### ##..#.# .#.#.#
#..#.# .#...# #..#.####
.#..## #.......#
##..#########.##o##.#
##.............)@##.#
###.#########.#####.#
.##.##.....##.### #.#
#.#.#...##.##...# #.#
..#......#.####.###.#
#...................#
#........#####..#####
#...#...## #..# ....##.##
#..#


You could see an orc wizard.

Vanquished Creatures
  A steam dragon (D:4)
  An orc warrior (D:5)
  A black bear (D:6)
  4 centaurs
  2 ogres
  2 big kobolds (D:5)
  A bullfrog (D:6)
  A howler monkey (D:4)
  A centaur zombie (D:6)
  3 crimson imps
  A hound (D:5)
  A bullfrog zombie (D:5)
  2 jellies (D:6)
  An orc priest (D:6)
  An iguana (D:6)
  2 orc wizards
  3 worker ants (D:5)
  Ijyb (D:5)
  Robin (D:2)
  A gnoll (D:1)
  5 adders
  2 howler monkey skeletons (D:5)
  A shadow imp (D:5)
  4 worms
  3 dart slugs
  5 leopard geckos
  12 orcs
  8 giant cockroaches
  16 goblins
  11 hobgoblins
  4 jackals (D:4)
  15 kobolds
  5 quokkas
  6 bats
  5 frilled lizards
  9 rats
142 creatures vanquished.

Vanquished Creatures (others)
  A worker ant (D:4)
1 creature vanquished.

Grand Total: 143 creatures vanquished

Notes
Turn   | Place    | Note
-------+----------+-------------------------------------------
     0 | D:1      | grindst0ne the Ghoul Gladiator began the quest for the Orb.
     0 | D:1      | Reached XP level 1. HP: 17/17 MP: 0/0
   161 | D:1      | Reached XP level 2. HP: 21/25 MP: 1/1
   364 | D:1      | Reached skill level 4 in Unarmed Combat
   364 | D:1      | Reached XP level 3. HP: 22/31 MP: 2/2
   719 | D:2      | Reached XP level 4. HP: 38/38 MP: 3/3
   784 | D:2      | Noticed Robin
   829 | D:2      | Killed Robin
  1353 | D:3      | Reached skill level 5 in Unarmed Combat
  1353 | D:3      | Reached XP level 5. HP: 46/46 MP: 4/4
  2327 | D:4      | Noticed a steam dragon
  2336 | D:4      | Killed a steam dragon
  2336 | D:4      | Reached skill level 5 in Fighting
  2336 | D:4      | Reached XP level 6. HP: 34/56 MP: 5/5
  2368 | D:4      | Found a staircase to the Ecumenical Temple.
  2377 | Temple   | Entered the Ecumenical Temple
  2570 | Temple   | Became a worshipper of Makhleb the Destroyer
  2626 | D:4      | Reached skill level 6 in Unarmed Combat
  2821 | D:4      | Reached XP level 7. HP: 55/62 MP: 6/6
  3254 | D:5      | Entered Level 5 of the Dungeon
  3324 | D:5      | Reached skill level 7 in Unarmed Combat
  3335 | D:5      | Found a glowing golden altar of the Shining One.
  3374 | D:5      | Got a crude leather armour
  3385 | D:5      | Identified the +3 leather armour "Apu Alua" {Str+3 Int+5} (You found it on level 5 of the Dungeon)
  3512 | D:5      | Noticed Ijyb
  3520 | D:5      | Killed Ijyb
  3566 | D:5      | Reached XP level 8. HP: 56/73 MP: 7/7
  3675 | D:5      | Reached * piety under Makhleb
  3752 | D:5      | Reached skill level 8 in Unarmed Combat
  4347 | D:6      | Found Suana's Antique Armour Emporium.
  4389 | D:6      | Bought a pair of glowing boots for 172 gold pieces
  4429 | D:6      | Reached skill level 9 in Unarmed Combat
  4510 | D:6      | Reached ** piety under Makhleb
  4582 | D:6      | Reached XP level 9. HP: 71/82 MP: 8/8
  4681 | D:5      | Reached skill level 1 in Shields
  4683 | D:5      | HP: 1/82 [orc wizard/magic dart (5)]
  4684 | D:5      | Slain by an orc wizard

Vault maps used:
D:1:      lemuel_arrival_tunnels
D:2:      uniq_robin
D:4:      minmay_temple_entry_trees
D:5:      cheibrodos_thug_alley, nicolae_tso_carved_into_rock, first_bread,
          uniq_ijyb
D:6:      serial_shops, kennysheep_mini, kennysheep_generic_room_8
Temple:   dpeg_five_rooms_temple

Skill      XL: |  1  2  3  4  5  6  7  8  9 |
---------------+----------------------------+-----
Fighting       | 3 4 5 7 8 |  8.9
Unarmed Combat | 4 5 6 7 9 |  9.3
Shields        | 1 |  1.4
Throwing       | |  1.7
Dodging        | |  2.6

Action                   |  1- 3 |  4- 6 |  7- 9 || total
-------------------------+-------+-------+-------++-------
Melee: Unarmed           |    84 |   194 |   177 ||   455
       Punch             |       |     6 |     4 ||    10
Invok: Minor Destruction |       |       |     2 ||     2
Evoke: Wand              |       |     3 |       ||     3
  Use: Scroll            |       |       |     6 ||     6
       Potion            |       |       |     1 ||     1
  Eat: Chunk             |     5 |    15 |    10 ||    30
Armor: Leather armour    |    36 |    25 |    45 ||   106
       Ring mail         |       |    29 |    13 ||    42
Dodge: Dodged            |    44 |    88 |    79 ||   211
